 Dungeon Crawl Stone Soup version 0.24.0-37-gcf1ca852f1 (webtiles) character file.

Game seed: 286482159884935233, levelgen mode: deterministic

4685 FishyPogo the Reanimator (level 10, -7/88 HPs)
             Began as a Deep Dwarf Necromancer on Dec 8, 2019.
             Was a High Priest of Dithmenos.
             Mangled by Urug
             ... wielding a +2 eveningstar of protection
              (16 damage)
             ... on level 10 of the Dungeon.
             The game lasted 00:44:35 (8331 turns).

FishyPogo the Reanimator (Deep Dwarf Necromancer)   Turns: 8331, Time: 00:44:36

Health: -7/88      AC:  9    Str: 13    XL:     10   Next: 21%
Magic:  0/18       EV: 16    Int: 24    God:    Dithmenos [*****.]
Gold:   720        SH:  0    Dex: 18    Spells: 11/20 levels left

rFire    + . .     SeeInvis .   m - +2 dagger (pain)
rCold    . . .     Gourm    +   (no shield)
rNeg     . . .     Faith    .   v - +2 leather armour {rPois}
rPois    +         Spirit   .   o - +1 helmet {Int+3}
rElec    .         Reflect  .   (no cloak)
rCorr    .         Harm     .   (no gloves)
MR       +....                  w - +0 pair of boots
Stlth    +++.......             L - amulet of the gourmand
HPRegen  0.00/turn              h - +3 ring of dexterity
MPRegen  0.16/turn              D - ring of protection from fire

@: brilliant, non-regenerating, wreathed by umbra
A: damage resistance, heal wounds, sense surroundings 2, no regeneration
a: Heal Wounds, Shadow Step, Shadow Form, Renounce Religion


You were on level 10 of the Dungeon.
You worshipped Dithmenos.
Dithmenos was extremely pleased with you.
You were completely stuffed.

You visited 1 branch of the dungeon, and saw 10 of its levels.

You collected 720 gold pieces.

Inventory:

Hand Weapons
 a - a +1 war axe of holy wrath
 b - a +4 battleaxe
 m - a +2 dagger of pain (weapon)
Missiles
 f - 41 poisoned darts
 g - 212 stones (quivered)
 J - 8 atropa-tipped darts
 Q - 6 boomerangs
 S - a throwing net
Armour
 l - +0 shadow dragon scales
 o - a +1 helmet of intelligence (worn)
 v - a +2 leather armour of poison resistance (worn)
 w - a +0 pair of boots (worn)
Magical Staves
 u - an uncursed staff of earth
 O - an uncursed staff of conjuration
Jewellery
 h - a +3 ring of dexterity (left hand)
 k - an uncursed ring of protection from cold
 s - an uncursed ring of ice
 y - an uncursed ring of positive energy
 D - a ring of protection from fire (right hand)
 L - an amulet of the gourmand (around neck)
Wands
 x - a wand of disintegration (10)
 M - a wand of iceblast (8)
 T - a wand of random effects (14)
Scrolls
 e - 4 scrolls of enchant weapon {unknown}
 i - 6 scrolls of identify {unknown}
 p - 7 scrolls of teleportation
 t - 2 scrolls of remove curse
 B - a scroll of random uselessness {unknown}
 C - a scroll of summoning {unknown}
 E - a scroll of blinking {unknown}
 G - a scroll of fog
 H - a scroll of enchant armour {unknown}
 I - 2 scrolls of fear
 K - a scroll of magic mapping
Potions
 d - 3 potions of resistance {unknown}
 j - 2 potions of might
 n - 6 potions of brilliance
 r - 7 potions of curing {unknown}
 z - 6 potions of ambrosia {unknown}
 A - a potion of mutation {unknown}
 F - 2 potions of degeneration {unknown}
 P - 2 potions of lignification {unknown}
 R - a potion of flight {unknown}
Comestibles
 c - 20 rations
 N - 5 chunks of flesh


   Skills:
 + Level 5.3 Fighting
 - Level 2.0 Short Blades
 - Level 5.0 Axes
 + Level 6.0 Armour
 + Level 6.9 Dodging
 - Level 3.0 Stealth
 + Level 5.5 Spellcasting
 * Level 8.6 Necromancy
 * Level 2.9 Invocations


You had 11 spell levels left.
You knew the following spells:

 Your Spells              Type           Power        Failure   Level  Hunger
a - Pain                  Necr           ####         1%          1    None
c - Vampiric Draining     Necr           ######....   1%          3    #......
p - Animate Dead          Necr           N/A          1%          4    ###....
y - Animate Skeleton      Necr           N/A          1%          1    None

Your spell library contained the following spells:

 Spells                   Type           Power        Failure   Level  Hunger
 Beastly Appendage        Tmut           ###...       1%          1    None
 Sticks to Snakes         Tmut           ###.....     1%          2    None
 Spider Form              Tmut/Pois      ###.......   3%          3    #......
 Ice Form                 Ice/Tmut       ###.....     12%         4    ###....
 Blade Hands              Tmut           ###.......   28%         5    #####..
 Regeneration             Chrm/Necr      Unusable     N/A         3    N/A

Dungeon Overview and Level Annotations

Branches:
Dungeon (10/15)            Temple (0/1) D:5            Lair (0/6) D:10
    Orc (0/2) D:9

Altars:
Dithmenos
Fedhas
Gozag
Hepliaklqana
Kikubaaqudgha
Qazlal
Uskayaw
Wu Jian
Xom
Yredelemnul
The Shining One

Annotations:
D:5 3 runed translucent doors, Grinder; PentaManta's ghost, novice OpFi
D:10 Urug


Innate Abilities, Weirdness & Mutations

You are resistant to damage.
You can heal yourself by infusing magical energy.
You passively map the area around you.
You do not regenerate.


Message History

You feel clever all of a sudden.
An orc comes into view. It is wielding a +0 hand axe.
Urug misses you.
Casting: Vampiric Draining (safe; 1% risk of failure)
Confirm with . or Enter, or press ? or * to list all spells.
Aiming: Pain (safe; 1% risk of failure)
Press: ? - help, Shift-Dir - straight line, f/p - Urug
Aim: Urug, wielding a +2 eveningstar of protection and wearing a +0 chain mail (heavily wounded, umbra, chance to defeat MR: 71%) Urug writhes in agony.
The orc shouts!
Casting: Pain (safe; 1% risk of failure)
Confirm with . or Enter, or press ? or * to list all spells.
Aiming: Pain (safe; 1% risk of failure)
Press: ? - help, Shift-Dir - straight line, f/p - Urug
Aim: Urug, wielding a +2 eveningstar of protection and wearing a +0 chain mail (heavily wounded, umbra, chance to defeat MR: 71%) Urug writhes in agony.
Your shadow mimicks your spell!
Urug resists with significant effort.
Urug hits you with a +2 eveningstar of protection!!
You die...

, #......†[†#.....### #.
, * ###.##.#.))##.....#
#. , ,**
#!(...............# #. ,
,, #.#o##(#..........# #.
,,, #.#.........#.<#..#
#. ,
,,#.#............#..####
, *
#.#...(..((.##.#..#..#* ,
*##.######o##.......#..#
, *
..o.....@.###.#.##.#..#*
,
##.########*#.#..#.#..###
, #.# , , ,..#..........
* * * * #######.###### *
,* , #....... * *,
######## * , # ,* , , # ,
* #


You could see Urug and an orc.

Vanquished Creatures
  A hippogriff (D:7)
  A wyvern (D:9)
  Grum (D:10)
  A wraith (D:10)
  A hungry ghost (D:8)
  A porcupine (D:10)
  A black bear (D:10)
  2 ice beasts
  5 orc warriors
  2 wolves (D:10)
  3 ogres (D:7)
  2 centaurs
  5 bullfrogs
  A gnoll sergeant (D:8)
  A wyvern skeleton (D:10)
  5 scorpions
  7 wights
  3 killer bees (D:10)
  4 howler monkeys
  2 lava snakes (D:9)
  3 crimson imps (D:5)
  A centaur zombie (D:8)
  4 hounds
  3 orc priests
  2 jellies
  7 orc wizards
  5 iguanas
  3 worker ants
  A hound zombie (D:5)
  Robin (D:2)
  A hound skeleton (D:9)
  A howler monkey zombie (D:5)
  2 worker ant zombies
  7 gnolls
  3 adders
  4 shadow imps
  An ooze (D:3)
  An adder skeleton (D:4)
  An adder zombie (D:4)
  5 worms
  3 dart slugs
  7 leopard geckos
  48 orcs
  9 giant cockroaches
  11 hobgoblins
  4 jackals
  4 kobolds
  2 quokkas
  3 ball pythons
  7 bats
  5 frilled lizards
  16 goblins
  A leopard gecko skeleton (D:7)
  A quokka skeleton (D:4)
  A quokka zombie (D:7)
  13 rats
  2 fungi (D:10)
242 creatures vanquished.

Vanquished Creatures (collateral kills)
  An orc wizard (D:9)
  A worker ant (D:6)
  A hound zombie (D:6)
  3 orcs
6 creatures vanquished.

Vanquished Creatures (others)
  An orc wizard (D:4)
  4 fungi (D:10)
  2 plants (D:10)
7 creatures vanquished.

Grand Total: 255 creatures vanquished

Notes
Turn   | Place    | Note
-------+----------+-------------------------------------------
     0 | D:1      | FishyPogo the Deep Dwarf Necromancer began the quest for
                  | the Orb.
     0 | D:1      | Reached XP level 1. HP: 15/15 MP: 3/3
   535 | D:1      | Reached XP level 2. HP: 22/22 MP: 1/5
   676 | D:1      | Learned a level 1 spell: Animate Skeleton
  1010 | D:1      | Reached XP level 3. HP: 21/28 MP: 0/6
  1290 | D:2      | Learned a level 3 spell: Vampiric Draining
  1297 | D:2      | Found a shadowy altar of Dithmenos.
  1304 | D:2      | Became a worshipper of Dithmenos the Shadowed
  1465 | D:2      | Found a blossoming altar of Fedhas.
  1466 | D:2      | Found an ancient bone altar of Kikubaaqudgha.
  1530 | D:2      | Noticed Robin
  1617 | D:2      | Reached skill level 5 in Necromancy
  1620 | D:2      | Reached XP level 4. HP: 33/37 MP: 3/7
  1624 | D:2      | Reached skill level 1 in Fighting
  1636 | D:2      | Killed Robin
  2242 | D:3      | Reached * piety under Dithmenos
  2442 | D:3      | Reached XP level 5. HP: 8/44 MP: 2/8
  3308 | D:3      | Reached skill level 1 in Short Blades
  3309 | D:3      | Reached ** piety under Dithmenos
  3309 | D:3      | Reached skill level 1 in Armour
  3415 | D:4      | Reached XP level 6. HP: 42/52 MP: 5/10
  3930 | D:4      | Reached XP level 7. HP: 26/61 MP: 11/11
  3931 | D:4      | Reached skill level 1 in Axes
  3937 | D:4      | Reached skill level 6 in Necromancy
  4070 | D:4      | Found an opulent altar of Gozag.
  4255 | D:5      | Entered Level 5 of the Dungeon
  4265 | D:5      | Found a runed translucent gate.
  4295 | D:5      | Found a runed translucent gate.
  4305 | D:5      | Noticed PentaManta's ghost (novice OpFi)
  4306 | D:5      | Found a runed translucent gate.
  4352 | D:5      | Noticed Grinder
  4371 | D:5      | Found a staircase to the Ecumenical Temple.
  4790 | D:5      | Found a shimmering altar of Xom.
  4862 | D:6      | Reached *** piety under Dithmenos
  4862 | D:6      | Reached XP level 8. HP: 50/69 MP: 3/13
  4901 | D:6      | Learned a level 4 spell: Animate Dead
  5300 | D:6      | Found a hide-covered altar of Uskayaw.
  5729 | D:7      | Reached skill level 5 in Dodging
  5998 | D:7      | Reached skill level 5 in Axes
  6054 | D:7      | Reached skill level 7 in Necromancy
  6078 | D:7      | Gained mutation: You passively map the area around you.
                  | [Deep Dwarf growth]
  6078 | D:7      | Reached XP level 9. HP: 75/78 MP: 1/15
  6371 | D:7      | Reached **** piety under Dithmenos
  6725 | D:8      | Found a glowing golden altar of the Shining One.
  6747 | D:8      | Reached skill level 5 in Armour
  6885 | D:8      | Found a hazy altar of Hepliaklqana.
  7150 | D:9      | Found a basalt altar of Yredelemnul.
  7150 | D:9      | Found a stormy altar of Qazlal.
  7151 | D:9      | Found an ornate altar of the Wu Jian Council.
  7184 | D:9      | Reached skill level 5 in Spellcasting
  7410 | D:9      | Found a staircase to the Orcish Mines.
  7514 | D:9      | Reached skill level 5 in Fighting
  7554 | D:10     | Entered Level 10 of the Dungeon
  7554 | D:10     | Noticed Grum
  7714 | D:10     | Reached skill level 8 in Necromancy
  7841 | D:10     | Reached skill level 1 in Invocations
  7857 | D:10     | Reached XP level 10. HP: 70/88 MP: 1/18
  7862 | D:10     | Found a staircase to the Lair.
  8018 | D:10     | Reached ***** piety under Dithmenos
  8034 | D:10     | Killed Grum
  8127 | D:10     | Noticed Urug
  8325 | D:10     | Paralysed by Urug for 4 turns
  8331 | D:10     | Mangled by Urug

Levels and vault maps discovered:
D:1:      erik_arrival_cave_to_civilisation [erik_arrival_cave_to_temple],
          layout_loops_ring, minmay_misc_feat_plants,
          minmay_misc_feat_secret_circle, minmay_3d_cube
D:2:      layout_basic, grunt_temple_overflow_growth_and_decay,
          nicolae_dithmenos_through_a_glass_darkly, uniq_robin
D:3:      layout_loops_cross
D:4:      layout_basic, overflow_temple_1_default
D:5:      layout_loops_ring, led_xom_imps, minmay_temple_entry_steel_oval,
          gammafunk_ghost_split, first_ration, uniq_grinder
D:6:      kennysheep_six_static_rooms, layout_loops_cross,
          nicolae_overflow_crystal_walls, due_unseen_surprise
D:7:      layout_rooms
D:8:      layout_rooms, lemuel_doored_altar, kennysheep_mini
D:9:      layout_loops_ring, chequers_temple_overflow_statue_of_worship,
          hiddenorc2_lemuel, kennysheep_potato
D:10:     layout_basic, grunt_lair_entry_orc_guard_hut, uniq_grum, uniq_urug

Skill      XL: |  1  2  3  4  5  6  7  8  9 10 |
---------------+-------------------------------+-----
Spellcasting   | 2 3 4 5 |  5.5
Stealth        | 3 |  3.0
Dodging        | 3 4 5 6 |  6.9
Necromancy     | 5 6 7 8 |  8.6
Fighting       | 1 2 3 4 5 |  5.3
Short Blades   | 1 2 |  2.0
Armour         | 1 2 3 4 5 6 |  6.0
Axes           | 3 5 |  5.0
Invocations    | 1 2 |  2.9

Action                   |  1- 3 |  4- 6 |  7- 9 | 10-12 || total
-------------------------+-------+-------+-------+-------++-------
Melee: Unarmed           |    20 |       |       |       ||    20
       Dagger            |    13 |   128 |       |     6 ||   147
       Battleaxe         |       |    15 |    88 |    13 ||   116
       War axe           |       |       |   107 |    53 ||   160
Throw: Stone             |       |       |     1 |       ||     1
 Cast: Pain              |    71 |    31 |    95 |     4 ||   201
       Animate Skeleton  |     1 |       |     5 |       ||     6
       Vampiric Draining |     3 |    36 |    75 |    22 ||   136
 Abil: Heal Wounds       |     2 |       |       |     1 ||     3
  Use: Scroll            |       |     4 |     3 |       ||     7
       Potion            |       |     1 |       |     3 ||     4
 Stab: Sleeping          |       |     9 |     9 |       ||    18
       Distracted        |       |       |     1 |       ||     1
  Eat: Chunk             |     4 |    11 |    36 |     3 ||    54
Armor: Robe              |    10 |    14 |       |       ||    24
       Leather armour    |       |    15 |    74 |    19 ||   108
Dodge: Dodged            |    26 |   117 |   246 |   127 ||   516
